 Dungeon Crawl Stone Soup version 0.21.1-1-g345015f (webtiles) character file.

4151 rz the Cleaver (level 10, -12/90 HPs)
             Began as a Minotaur Berserker on Apr 2, 2018.
             Was a High Priest of Trog.
             Mangled by a two-headed ogre
             ... wielding a +0 giant club
              (18 damage)
             ... on level 8 of the Dungeon.
             The game lasted 00:12:50 (7610 turns).

rz the Cleaver (Minotaur Berserker)                 Turns: 7610, Time: 00:12:52

Health: -12/90     AC: 13    Str: 22    XL:     10   Next: 7%
Magic:  9/9        EV: 10    Int:  4    God:    Trog [*****.]
Gold:   440        SH:  0    Dex: 13    Spells: 9/9 levels left

rFire    . . .     SeeInvis .   t - +2 hand axe (flame)
rCold    . . .     Gourm    .   (no shield)
rNeg     . . .     Faith    .   A - +0 plate armour
rPois    .         Spirit   .   (helmet restricted)
rElec    .         Reflect  .   (no cloak)
rCorr    .         Harm     .   (no gloves)
MR       .....                  (no boots)
Stlth    ..........             (no amulet)
HPRegen  0.25/turn              (no ring)
MPRegen  0.11/turn              (no ring)

@: berserk cooldown, hasted and slowed
A: retaliatory headbutt, horns 2
a: Berserk, Trog's Hand, Brothers in Arms, Burn Spellbooks, Renounce Religion


You were on level 8 of the Dungeon.
You worshipped Trog.
Trog was extremely pleased with you.
You were hungry.

You visited 1 branch of the dungeon, and saw 8 of its levels.

You collected 440 gold pieces.

Inventory:

Hand Weapons
 t - a +2 hand axe of flaming (weapon)
 y - a +0 battleaxe
Missiles
 z - 144 stones (quivered)
Armour
 A - a +0 plate armour (worn)
Wands
 w - a wand of disintegration (7)
Scrolls
 e - 5 scrolls of identify
 f - 4 scrolls of fog {unknown}
 j - a scroll of magic mapping {unknown}
 m - 2 scrolls of teleportation {unknown}
 o - 3 scrolls of amnesia {unknown}
 q - a scroll of enchant weapon {unknown}
 r - 2 scrolls of remove curse {unknown}
 s - a scroll of immolation {unknown}
Potions
 a - 2 potions of mutation {unknown}
 d - a potion of resistance {unknown}
 g - 3 potions of might
 h - 2 potions of haste
 i - 4 potions of curing
 k - a potion of magic {unknown}
 l - 3 potions of agility {unknown}
 n - a potion of lignification {unknown}
 p - 2 potions of cancellation {unknown}
 u - 2 potions of flight {unknown}
 v - 2 potions of heal wounds {unknown}
Books
 x - a book of Cantrips

   Spells                             Type                      Level
   a - Confusing Touch                Hexes                        1
   b - Animate Skeleton               Necromancy                   1
   c - Summon Small Mammal            Summoning                    1
   d - Apportation                    Translocation                1
   Trog disapproves of the use of such an item.
Comestibles
 c - 9 rations


   Skills:
 + Level 8.7 Fighting
 * Level 11.5 Axes
 + Level 8.1 Armour
 + Level 7.4 Dodging


You had 9 spell levels left.
You didn't know any spells.

Dungeon Overview and Level Annotations

Branches:
Dungeon (8/15)             Temple (0/1) D:6
   Lair: D:8-11

Altars:
Ashenzari
Dithmenos
Makhleb
Qazlal
Sif Muna
Wu Jian
Xom
Yredelemnul


Innate Abilities, Weirdness & Mutations

You reflexively headbutt those who attack you in melee.
You have a pair of horns on your head.


Message History

You headbutt the two-headed ogre!
The two-headed ogre is severely wounded.
You hit the worker ant. You burn the worker ant.
The worker ant closely misses you.
The two-headed ogre hits you with a giant club.
The two-headed ogre hits you with a giant spiked club!!
* * * LOW HITPOINT WARNING * * *
It was a potion of haste.
You feel yourself speed up. The worker ant closely misses you.
The two-headed ogre hits you with a giant club.
* * * LOW HITPOINT WARNING * * *
The two-headed ogre barely misses you.
The worker ant bites you but does no damage.
You hit the two-headed ogre but do no damage.
The two-headed ogre is severely wounded.
You hit the worker ant. You burn the worker ant.
The worker ant bites you but does no damage.
The two-headed ogre closely misses you.
The two-headed ogre hits you with a giant spiked club!!
You die...

#....#####.#.#
#...........#
#
##.)#####.###
#. ##..# #.#
#.# ##.# #.#
#..# ##..# #.#
#..## ##..##
#.# #.O###..##
#.# #@.#...#
.# ##a....#
........##.##
#######.##.#
#....> ######.
.# #


You could see a two-headed ogre and a worker ant.

Vanquished Creatures
  The ghost of rz the Cleaver, a novice MiBe of Trog (D:5)
  A hippogriff (D:8)
  A hungry ghost (D:8)
  A water moccasin (D:7)
  3 ice beasts
  An orc warrior (D:6)
  The ghost of frimble the Skirmisher, an amateur MiBe of Trog (D:3)
  A sky beast (D:5)
  3 phantoms
  7 ogres
  2 centaurs (D:8)
  4 bullfrogs
  2 scorpions
  4 crimson imps
  2 jellies
  2 gnoll shamans
  5 hounds
  6 orc wizards
  2 orc priests
  2 bullfrog skeletons
  3 iguanas
  Terence (D:3)
  Natasha (thrice) (D:3)
  6 worker ants
  Robin (D:3)
  A howler monkey skeleton (D:6)
  10 gnolls
  14 adders
  A river rat (D:3)
  2 shadow imps
  2 oozes
  6 worms
  A dart slug (D:2)
  2 leopard geckos (D:2)
  19 orcs
  4 bats
  7 giant cockroaches
  10 hobgoblins
  10 jackals
  A quokka (D:6)
  3 ball pythons
  3 frilled lizards
  11 goblins
  5 kobolds
  A leopard gecko skeleton (D:4)
  A leopard gecko zombie (D:6)
  A quokka skeleton (D:8)
  16 rats
196 creatures vanquished.

Notes
Turn   | Place    | Note
-------+----------+-------------------------------------------
     0 | D:1      | rz the Minotaur Berserker began the quest for the Orb.
     0 | D:1      | Reached XP level 1. HP: 19/19 MP: 0/0
   153 | D:1      | Reached XP level 2. HP: 23/27 MP: 1/1
   169 | D:1      | Reached skill level 4 in Axes
   777 | D:2      | Reached XP level 3. HP: 28/33 MP: 2/2
   908 | D:2      | Reached ** piety under Trog
   977 | D:2      | Found a basalt altar of Yredelemnul.
  1032 | D:2      | Reached XP level 4. HP: 40/40 MP: 3/3
  1044 | D:2      | Found a shadowy altar of Dithmenos.
  1524 | D:3      | Noticed Robin
  1533 | D:3      | Killed Robin
  1540 | D:3      | Reached skill level 5 in Axes
  1650 | D:3      | Noticed Terence
  1654 | D:3      | Killed Terence
  1656 | D:3      | Reached XP level 5. HP: 47/47 MP: 4/4
  1820 | D:3      | Reached *** piety under Trog
  2014 | D:3      | Found a shimmering altar of Xom.
  2154 | D:3      | Noticed frimble's ghost (amateur MiBe)
  2162 | D:3      | Killed frimble's ghost
  2162 | D:3      | Reached XP level 6. HP: 43/55 MP: 5/5
  2307 | D:3      | Noticed Natasha
  2315 | D:3      | Killed Natasha
  2315 | D:3      | Reached skill level 5 in Fighting
  2315 | D:3      | Reached skill level 6 in Axes
  2735 | D:3      | Noticed Natasha
  2740 | D:3      | Killed Natasha
  2788 | D:3      | Noticed Natasha
  2790 | D:3      | HP: 2/56 [Natasha/magic dart (10)]
  2791 | D:3      | Killed Natasha
  3081 | D:4      | Reached XP level 7. HP: 61/61 MP: 6/6
  3172 | D:4      | Received a gift from Trog
  3185 | D:4      | Reached skill level 7 in Axes
  3277 | D:4      | Reached skill level 5 in Armour
  3957 | D:5      | Entered Level 5 of the Dungeon
  3964 | D:5      | Reached **** piety under Trog
  3970 | D:5      | Reached skill level 8 in Axes
  3970 | D:5      | Reached XP level 8. HP: 67/70 MP: 7/7
  4001 | D:5      | Reached skill level 5 in Dodging
  4259 | D:5      | Found a burning altar of Makhleb.
  4339 | D:5      | Found a stormy altar of Qazlal.
  4374 | D:5      | Noticed rz's ghost (novice MiBe)
  4390 | D:5      | Killed rz's ghost
  4390 | D:5      | Reached skill level 9 in Axes
  4981 | D:5      | Reached XP level 9. HP: 79/79 MP: 8/8
  5535 | D:6      | Reached skill level 10 in Axes
  5691 | D:6      | Found a shattered altar of Ashenzari.
  5864 | D:6      | Found a deep blue altar of Sif Muna.
  5988 | D:6      | Found an ornate altar of the Wu Jian Council.
  6284 | D:6      | Found a staircase to the Ecumenical Temple.
  6465 | D:7      | Reached ***** piety under Trog
  6721 | D:7      | Reached skill level 11 in Axes
  7406 | D:8      | Reached XP level 10. HP: 64/90 MP: 9/9
  7600 | D:8      | Noticed a two-headed ogre
  7610 | D:8      | Mangled by a two-headed ogre

Skill      XL: |  1  2  3  4  5  6  7  8  9 |
---------------+----------------------------+-----
Axes           | 4 5 6 8 9 11 | 11.5
Fighting       | 4 5 6 7 8 |  8.7
Armour         | 3 4 5 6 8 |  8.1
Dodging        | 3 4 6 7 |  7.4

Action                   |  1- 3 |  4- 6 |  7- 9 | 10-12 || total
-------------------------+-------+-------+-------+-------++-------
Melee: Hand axe          |    66 |   152 |   278 |    23 ||   519
       Headbutt          |    10 |    26 |    61 |     5 ||   102
Invok: Berserk           |       |     4 |     1 |     1 ||     6
  Use: Potion            |       |     1 |       |     1 ||     2
       Scroll            |       |       |     1 |       ||     1
  Eat: Chunk             |       |     8 |     8 |     3 ||    19
       Ration            |       |     1 |     2 |       ||     3
Armor: Animal skin       |    13 |     6 |       |       ||    19
       Scale mail        |       |    33 |    39 |       ||    72
       Plate armour      |       |       |    53 |     6 ||    59
Dodge: Dodged            |    45 |    93 |   123 |    20 ||   281
